Unix NetHack Version 3.7.0-62 Work-in-progress - last build Aug 2 2022 03:41:51 (7b5264baa3a103fe80b1e9c1437dbfbb09ed79b6,branch:master). Game began 2022-08-03 04:08:44, ended 2022-08-03 04:13:19. NetSysFire, chaotic female human Priestess ----- |...-# --------------- |...|# ###-....%....)...| ---------------- |..>|# ------------- ### |.............|#####-..............| |().|# |....[......| ########....).........|# |..............| -----# |......(@B...#### ----.----------# #-..............| # |...........| #################)##)## #|...o..........| # |........F..)### ## #-------------.-- # ---------+-|- ##### # # ## # ###### # # ### ## ######## # # ##### #) ###### # ## # # ####### -.-------------##############` #-.------- |..............# -.-------.---- #-.......| |.............| |............| |.......| |.............| |............| |...<...| |.............| |............| --------- |.............| -------------- --------------- NetSysFire the Acolyte St:8 Dx:15 Co:12 In:12 Wi:16 Ch:10 Chaotic S:619 Dlvl:1 $:31 HP:0(32) Pw:19(50) AC:5 Exp:4 T:1603 Latest messages: You must have been exercising diligently. You are in full health. You miss the gas spore. You hit the gas spore! You kill the gas spore! The red mold is caught in the gas spore's explosion! You kill the red mold! You are caught in the gas spore's explosion! You see here an uncursed lock pick. w - an uncursed lock pick. You stop waiting. The bat misses! The bat bites! You kill the bat! A green mold suddenly appears next to you! You miss the green mold. p - an uncursed crude dagger (weapon in hand). a - a blessed +1 mace (alternate weapon; not wielded). You hit the green mold. You are splashed by the green mold's acid! You hit the green mold. You miss the green mold. In what direction? n Your clumsy kick does no damage. a - a blessed +1 mace (weapon in hand). p - an uncursed crude dagger (alternate weapon; not wielded). The giant rat bites! You kill the giant rat! You see here an uncursed giant rat corpse. There is an uncursed giant rat corpse here; eat it? [ynq] (n) y This giant rat corpse tastes tough. You finish eating the giant rat corpse. In what direction? b You kick the green mold. You are splashed by the green mold's acid! In what direction? b You kick the green mold. You are splashed by the green mold's acid! You stop waiting. The bat bites! You miss the bat. The bat bites! The bat bites! The bat bites! You die... Do you want your possessions identified? [ynq] (y) y Do you want to see your attributes? [ynq] (y) y Do you want an account of creatures vanquished? [ynaq] (y) y Do you want to see your conduct and achievements? [ynq] (y) y Do you want to see the dungeon overview? [ynq] (y) y Major events: Turn 1: NetSysFire the chaotic human Priestess entered the dungeon 602: attained the rank of Acolyte (level 3) 1603: killed by a bat Inventory: Amulets r - an uncursed amulet versus poison (being worn) Weapons p - an uncursed +0 orcish dagger (alternate weapon; not wielded) a - a blessed +1 mace (weapon in hand) Armor q - a blessed +1 orcish helm (being worn) c - an uncursed +0 small shield (being worn) b - a blessed +0 robe (being worn) Comestibles e - an uncursed clove of garlic i - an uncursed food ration f - an uncursed sprig of wolfsbane n - an uncursed tripe ration m - 2 uncursed lichen corpses Spellbooks h - an uncursed spellbook of create monster g - an uncursed spellbook of light Potions o - a cursed potion of extra healing l - a cursed potion of gain level d - 4 potions of holy water Rings v - an uncursed ring of slow digestion t - an uncursed ring of stealth Tools u - an uncursed bag of tricks (0:11) w - an uncursed lock pick NetSysFire the Priestess's attributes: Background: You were an Acolyte, a level 4 human Priestess. You were chaotic, nominally on a mission for Susanowo who was opposed by Amaterasu Omikami (lawful) and Raijin (neutral). You were in the Dungeons of Doom, on level 1. You entered the dungeon 1603 turns ago. It was nighttime. You had 142 experience points, 18 more were needed to attain level 5. Your score was 619 before end-of-game adjustments. Basics: You had 0 out of 32 hit points. You had 19 out of 50 energy points (spell power). Your armor class was 5. Your wallet contained 31 zorkmids. Autopickup was off. Final Characteristics: Your strength was 8 (peak:11, limit:18/100). Your dexterity was 15 (limit:18). Your constitution was 12 (limit:18). Your intelligence was 12 (limit:18). Your wisdom was 16 (limit:18). Your charisma was 10 (limit:18). Final Status: You were not hungry. You were unencumbered. You were wielding a mace. You had basic skill with mace. Final Attributes: You were devoutly aligned. You were poison resistant. You were guarded. You are dead. Miscellaneous: You never encountered a bones level. Total elapsed playing time was 4 minutes and 35 seconds. Vanquished creatures: a gas spore 3 large kobolds 4 giant rats a yellow mold a green mold a red mold 4 geckos 5 jackals 3 kobolds 5 goblins a grid bug 3 bats 3 lichens a kobold zombie 3 newts 39 creatures vanquished. No species were genocided or became extinct. Voluntary challenges: You were an atheist. You read items or engraved 2 times. You never engraved Elbereth. You never genocided any monsters. You never polymorphed an object. You never changed form. You used no wishes. Achievement: You attained the rank of Acolyte. The Dungeons of Doom: Level 1: <- You were here. Final resting place for you, killed by a bat. Game over: ---------- / \ / REST \ / IN \ / PEACE \ / \ | NetSysFire | | 31 Au | | killed by a bat | | | | | | | | 2022 | *| * * * | * _________)/\\_//(\/(/\)/\//\/|_)_______ Goodbye NetSysFire the Priestess... You died in The Dungeons of Doom on dungeon level 1 with 616 points, and 31 pieces of gold, after 1603 moves. You were level 4 with a maximum of 32 hit points when you died.